 Dungeon Crawl Stone Soup version 0.31-a0-233-g139696dc86 (webtiles) character file.

Game seed: 6865108744039301580

483 qw the Shooter (level 7, -9/42 HPs)
             Began as a Gargoyle Hexslinger on July 9, 2023.
             Killed by divine providence
             ... invoked by an orc priest
              (15 damage)
             ... on level 5 of the Dungeon.
             The game lasted 00:00:54 (1919 turns).

qw the Shooter (Gargoyle Hexslinger)                Turns: 1919, Time: 00:00:55

Health: -9/42      AC: 17    Str: 12    XL:     7   Next: 12%
Magic:  8/8        EV: 10    Int: 13    God:
Gold:   62         SH:  0    Dex: 14    Spells: 7/8 levels left

rFire   . . .        Y - +1 sling (freeze)
rCold   . . .        (no shield)
rNeg    + . .        h - quicksilver dragon scales
rPois   inf          (no helmet)
rElec   +            f - +1 cloak
rCorr   .            (no gloves)
SInv    .            (no boots)
Will    ++...        d - amulet of faith
Stlth   +            b - ring of willpower
HPRegen 0.27/turn    (no ring)
MPRegen 0.11/turn

%: faith
@: about to teleport
A: sickness immunity, AC +4, negative energy resistance 1, electricity
resistance, torment resistance 1, petrification resistance
a: no special abilities


You were on level 5 of the Dungeon.
You visited 1 branch of the dungeon, and saw 5 of its levels.

You collected 62 gold pieces.


Innate Abilities, Weirdness & Mutations

You are immune to sickness and miasma.
Your stone body is resilient. (AC +4)
You are immune to poison.
You resist negative energy. (rN+)
You are resistant to electric shocks. (rElec)
You are resistant to unholy torment.
You are immune to petrification.


   Skills:
 + Level 3.8 Fighting
 - Level 6.0 Ranged Weapons
 - Level 2.8 Armour
 - Level 1.5 Dodging
 - Level 1.0 Spellcasting
 - Level 2.6 Hexes


You had 7 spell levels left.
You knew the following spells:

 Your Spells              Type           Power      Damage    Failure   Level
a - Slow                  Hex            28%        N/A       21%         1

Your spell library contained the following spells:

 Spells                   Type           Power      Damage    Failure   Level
 Inner Flame              Hex/Fire       4%         N/A       71%         3
 Portal Projectile        Hex/Tloc       8%         N/A       71%         3
 Cause Fear               Hex            3%         N/A       90%         4

Inventory:

Hand Weapons
 Y - a +1 sling of freezing (weapon)
Armour
 f - a +1 cloak (worn)
 h - quicksilver dragon scales (worn)
Jewellery
 b - a ring of willpower (left hand)
 d - an amulet of faith (around neck)
 g - an amulet of reflection
Scrolls
 a - a scroll of fear {unknown}
 e - a scroll of identify
Potions
 c - 2 potions of curing

Dungeon Overview and Level Annotations

Branches:
Dungeon (6/15)
 Temple: D:4-7

Altars:
Elyvilon
Sif Muna
Trog
Xom
The Shining One

Shops:
D:2 *


Message History

The gnoll barely misses you.
You shoot a sling bullet.
The sling bullet hits the gnoll but does no damage.
The gnoll is severely wounded.
The gnoll sergeant hits you from afar with a +0 spear.
The gnoll hits you with a +0 flail.
An adder comes into view.
1913 ||| READING 2 scrolls of teleportation.
As you read the scroll of teleportation, it crumbles to dust.
You feel strangely unstable.
The hound pauses to sniff the ground.
The gnoll sergeant hits you but does no damage.
The gnoll hits you with a +0 flail.
You shoot a sling bullet.
The sling bullet hits the gnoll but does no damage.
The gnoll is severely wounded.
The gnoll sergeant closely misses you. The gnoll hits you but does no damage.
You shoot a sling bullet. The sling bullet hits the gnoll.
The sling bullet freezes the gnoll.
You kill the gnoll!
The gnoll sergeant hits you but does no damage.
The gnoll sergeant barely misses you.
Your Ranged Weapons skill increases to level 6!
1916 ||| Stepping ~*~*~tactically~*~*~ (outnumbered).
You shoot a sling bullet.
The sling bullet hits the gnoll sergeant but does no damage.
Your surroundings suddenly seem different.
An orc and an orc priest come into view.
Found a moonstone ring.
The orc shouts!
The orc priest shouts!
You hear a shout! x2
An orc comes into view.
It is wielding a +2 flail of protection.
The orc shouts!
1918 ||| READING scroll of teleportation.
As you read the scroll of teleportation, it crumbles to dust.
You feel strangely unstable.
You shoot a sling bullet.
The sling bullet barely misses the orc priest.
The orc priest invokes the aid of Beogh against you.
Beogh smites you!
You die...

## ## .o
##.#.#
#######..o.###
.......@o....#
...####....#.#
##.#.=... ##
#.## #


You could see an orc priest and 2 orcs.

Vanquished Creatures
  A water moccasin (D:6)
  A sky beast (D:6)
  A phantom (D:6)
  A scorpion (D:5)
  A hound (D:5)
  A jelly (D:5)
  A gnoll (D:5)
  2 adders
  A worm (D:3)
  2 dart slugs (D:1)
  6 orcs (D:6)
  4 ball pythons
  4 endoplasms
  5 giant cockroaches
  2 goblins (D:1)
  5 hobgoblins
  A quokka (D:2)
  6 bats
  3 frilled lizards (D:1)
  4 kobolds
  8 rats
60 creatures vanquished.

Notes
Turn   | Place    | Note
-------+----------+-------------------------------------------
     0 | D:1      | qw the Gargoyle Hexslinger began the quest for the Orb.
     0 | D:1      | Reached XP level 1. HP: 12/12 MP: 2/2
     0 | D:1      | 0 ||| qw: Version: 0.3-a-51-g015441d
     0 | D:1      | 0 ||| qw: Game counter: 3794
     0 | D:1      | 0 ||| qw: Melee chars always use a shield: true
     0 | D:1      | 0 ||| qw: God list: Okawaru
     0 | D:1      | 0 ||| qw: Allow faded altars: false
     0 | D:1      | 0 ||| qw: Do Orc after clearing Dungeon:15 true
     0 | D:1      | 0 ||| qw: Do second Lair branch before Depths: true
     0 | D:1      | 0 ||| qw: Lair rune preference: random
     0 | D:1      | 0 ||| qw: Goals: Normal
     0 | D:1      | 0 ||| PLANNING D:1-11
    80 | D:1      | Reached XP level 2. HP: 16/16 MP: 3/3
   128 | D:1      | Reached skill level 3 in Ranged Weapons
   295 | D:1      | Reached XP level 3. HP: 17/21 MP: 4/4
   296 | D:1      | 296 ||| FLEEEEING.
   703 | D:1      | 703 ||| UPGRADING to +0 ring mail.
   713 | D:1      | 713 ||| DROPPING +0 robe.
   714 | D:1      | 714 ||| UPGRADING to quicksilver dragon scales.
   724 | D:1      | 724 ||| DROPPING +0 ring mail.
   725 | D:1      | 725 ||| UPGRADING to amulet of reflection.
   730 | D:1      | 730 ||| READING scroll labelled HICUVA GIAC.
   731 | D:1      | 731 ||| READING scroll labelled JAEPEU CIPRIGU.
   736 | D:1      | 736 ||| READING scroll labelled TOMAARHE DIRA.
   737 | D:1      | 737 ||| DROPPING scroll of poison.
   907 | D:2      | Reached skill level 1 in Armour
   945 | D:2      | Found a shimmering blue altar of Sif Muna.
  1019 | D:2      | Found Vieps's General Store.
  1026 | D:2      | 1026 ||| SHOPLISTING potion of resistance (110 gold, have
                  | 46).
  1158 | D:2      | Reached XP level 4. HP: 25/26 MP: 5/5
  1314 | D:2      | 1314 ||| UPGRADING to +1 cloak.
  1319 | D:2      | 1319 ||| UPGRADING to amulet of faith.
  1329 | D:2      | 1329 ||| UPGRADING to ring of willpower.
  1330 | D:2      | 1330 ||| READING scroll labelled MOIT LO RECIS.
  1331 | D:2      | 1331 ||| READING scroll labelled ZUDUQU CUROSM.
  1332 | D:2      | 1332 ||| READING 2 scrolls labelled ATOPHO VAVYRCH.
  1369 | D:3      | You fall into a shaft and drop 3 floors!
  1403 | D:6      | Noticed a water moccasin
  1432 | D:6      | Killed a water moccasin
  1433 | D:6      | Reached skill level 5 in Ranged Weapons
  1433 | D:6      | Reached XP level 5. HP: 16/30 MP: 6/6
  1561 | D:6      | Noticed a phantom
  1579 | D:6      | Killed a phantom
  1580 | D:6      | Reached skill level 3 in Fighting
  1580 | D:6      | Reached XP level 6. HP: 38/38 MP: 7/7
  1581 | D:6      | Found a bloodstained altar of Trog.
  1583 | D:6      | Found a shimmering altar of Xom.
  1619 | D:6      | Noticed a sky beast
  1629 | D:6      | Killed a sky beast
  1648 | D:6      | 1648 ||| READING scroll labelled PUILEU COAFUT.
  1649 | D:6      | 1649 ||| READING scroll labelled RAMARU OPTO.
  1750 | D:6      | 1750 ||| READING scroll labelled YHEIQ QORU.
  1751 | D:6      | 1751 ||| DRINKING 3 fuming sapphire potions.
  1752 | D:6      | 1752 ||| READING 2 scrolls of identify.
  1752 | D:6      | 1752 ||| IDENTIFYING pink potion
  1753 | D:6      | 1753 ||| DROPPING potion of ambrosia.
  1761 | D:5      | Entered Level 5 of the Dungeon
  1781 | D:5      | Found a white marble altar of Elyvilon.
  1837 | D:5      | Reached XP level 7. HP: 42/42 MP: 8/8
  1845 | D:5      | Found a glowing golden altar of the Shining One.
  1912 | D:5      | HP: 9/42 [gnoll/+0 flail[a gnoll sergeant] (6)]
  1913 | D:5      | 1913 ||| READING 2 scrolls of teleportation.
  1916 | D:5      | Reached skill level 6 in Ranged Weapons
  1916 | D:5      | 1916 ||| Stepping ~*~*~tactically~*~*~ (outnumbered).
  1918 | D:5      | 1918 ||| READING scroll of teleportation.
  1919 | D:5      | Killed from afar by an orc priest

Levels and vault maps discovered:
D:1:      mrwooster_arrival_statue, layout_loops_ring
D:2:      layout_basic, serial_shops, nicolae_shop_pleasant_corner_grove,
          basic_altar
D:3:      minmay_spotlight, layout_basic, uniq_terence, uniq_robin
D:5:      layout_loops_cross, kennysheep_mini, nicolae_tso_swordbearing_angel,
          mainiacjoe_overflow_alcove_1
D:6:      layout_rooms, grunt_temple_overflow_open, uniq_prince_ribbit1,
          uniq_maggie, uniq_eustachio

Skill      XL: |  1  2  3  4  5  6  7 |
---------------+----------------------+-----
Ranged Weapons | 3 5 6 |  6.0
Fighting       | 2 3 |  3.8
Armour         | 1 2 |  2.8
Dodging        | |  1.5
Spellcasting   | |  1.0
Hexes          | |  2.6

Action                     |  1- 3 |  4- 6 |  7- 9 || total
---------------------------+-------+-------+-------++-------
   Fire: Sling             |   114 |    89 |    15 ||   218
    Use: Scroll            |     3 |     7 |     2 ||    12
         Potion            |       |     1 |       ||     1
 Armour: Robe              |     6 |       |       ||     6
         Quicksilver drago |    10 |    48 |    14 ||    72
  Dodge: Dodged            |    26 |    26 |     6 ||    58
  Block: Other             |     3 |       |       ||     3
         Reflection        |     1 |       |       ||     1

Table legend:
 A = Non-vault XP
 B = Vault XP
 C = Vault XP percentage of total XP
 D = Non-vault monster count
 E = Vault monster count
 F = Vault count percentage of total count
                 A         B        C        D         E       F
            +---------+---------+-------+---------+---------+-------
      Total |     690 |       0 |   0.0 |      60 |       0 |   0.0
            +---------+---------+-------+---------+---------+-------
        D:1 |      51 |       0 |   0.0 |      29 |       0 |   0.0
        D:2 |      37 |       0 |   0.0 |      16 |       0 |   0.0
        D:3 |       5 |       0 |   0.0 |       1 |       0 |   0.0
        D:5 |     182 |       0 |   0.0 |       4 |       0 |   0.0
        D:6 |     415 |       0 |   0.0 |      10 |       0 |   0.0
            +---------+---------+-------+---------+---------+-------
